 Dungeon Crawl Stone Soup version 0.28-a0-1447-ga5a8893891 (webtiles) character file.

Game seed: 2045892698460865196

861 lunkers the Reanimator (level 7, -7/46 HPs)
             Began as a Vampire Necromancer on Jan 11, 2022.
             Mangled by Prince Ribbit (17 damage)
             ... on level 5 of the Dungeon on Jan 12, 2022.
             The game lasted 00:18:54 (5672 turns).

lunkers the Reanimator (Vampire Necromancer)        Turns: 5672, Time: 00:18:54

Health: -7/46      AC:  4    Str: 13    XL:     7   Next: 71%
Magic:  3/14       EV: 12    Int: 19    God:
Gold:   252        SH:  0    Dex: 15    Spells: 12/16 levels left

rFire   . . .      SeeInvis +   r - +1 dagger (venom)
rCold   . . .      Faith    .   e - orb {mayhem}
rNeg    . . .      Spirit   .   a - +1 robe
rPois   .          Reflect  .   u - +0 helmet
rElec   .          Harm     .   (no cloak)
rCorr   .          Rampage  .   (no gloves)
Will    .....                   (no boots)
Stlth   ++........              (no amulet)
HPRegen 0.35/turn               g - +6 ring of strength
MPRegen 0.14/turn               (no ring)

@: healing quickly
A: alive, fangs 3, see invisible, vampiric 2
a: Exsanguinate


You were on level 5 of the Dungeon.
You visited 1 branch of the dungeon, and saw 6 of its levels.
You also visited: Ossuary.

You collected 252 gold pieces.

Inventory:

Hand Weapons
 r - a +1 dagger of venom (weapon)
Armour
 a - a +1 robe (worn)
 e - an orb of mayhem (worn)
 u - a +0 helmet (worn)
Jewellery
 g - a +6 ring of strength (left hand)
 o - an amulet of guardian spirit
Scrolls
 c - a scroll of enchant armour
 d - a scroll of blinking
 l - 2 scrolls of fear
 p - a scroll of summoning
Potions
 f - a potion of ambrosia
 h - a potion of magic
 i - 2 potions of heal wounds
 m - a potion of lignification
 n - a potion of haste
 s - a potion of flight
 t - a potion of might {unknown}


   Skills:
 - Level 2.1 Dodging
 - Level 3.0 Stealth
 + Level 5.0 Spellcasting
 * Level 9.0 Necromancy


You had 12 spell levels left.
You knew the following spells:

 Your Spells              Type           Power      Damage    Failure   Level
a - Pain                  Necr           100%       1d9       1%          1
b - Vampiric Draining     Necr           39%        2d8       1%          3

Your spell library contained the following spells:

 Spells                   Type           Power      Damage    Failure   Level
 Animate Skeleton         Necr           78%        N/A       1%          1
 Animate Dead             Necr           19%        N/A       3%          4
 Agony                    Necr           39%        N/A       9%          5
 Passage of Golubria      Tloc           4%         N/A       77%         4
 Silence                  Hex/Air        2%         N/A       98%         5
 Lehudib's Crystal Spear  Conj/Erth      2%         10d2      100%        8


Dungeon Overview and Level Annotations

Branches:
Dungeon (6/15)            Ossuary (visited)
 Temple: D:4-7

Altars:

Shops:
D:3 :   D:4 *   D:5 *

Annotations:
D:3 2 runed translucent doors, Crazy Yiuf; karrick's ghost, amateur GrFi
D:5 Prince Ribbit


Innate Abilities, Weirdness & Mutations

Your natural rate of healing is accelerated.
You have razor-sharp teeth.
You have supernaturally acute eyesight. (SInv)
You are afflicted with vampirism and can become a bat while bloodless.


Message History

Things that are here:
a +1 flail of protection; a +0 chain mail; the human corpse of Edmund Prince Ribbit blinks!
An iguana comes into view.
The iguana hisses angrily.
Prince Ribbit hops awkwardly around.
Prince Ribbit blinks! x2
There is a stone staircase leading up here.
Casting: Vampiric Draining (safe; 1% risk of failure)
Confirm with . or Enter, or press ? or * to list all spells.
Aiming: Pain (safe; 1% risk of failure)
Press: ? - help, Shift-Dir - straight line, f/p - Prince Ribbit
Aim: Prince Ribbit (chance to affect: 70%) Prince Ribbit struggles to resist.
Prince Ribbit hits you!
* * * LOW HITPOINT WARNING * * *
The iguana barely misses you.
You climb upwards.
There is a stone staircase leading down here.
Unknown command.
Prince Ribbit closely misses you. Prince Ribbit hits you!
* * * LOW HITPOINT WARNING * * *
Casting: Pain (safe; 1% risk of failure)
Confirm with . or Enter, or press ? or * to list all spells.
Aiming: Vampiric Draining (safe; 1% risk of failure)
Press: ? - help, Shift-Dir - straight line, f - Prince Ribbit
Aim: Prince Ribbit You draw life force from Prince Ribbit!
You feel life coursing into your body.
* * * LOW MAGIC WARNING * * *
Prince Ribbit hits you!
* * * LOW HITPOINT WARNING * * *
You feel much better. Prince Ribbit hits you!
* * * LOW HITPOINT WARNING * * *
Okay, then.
Unknown command.
Okay, then.
Okay, then.
Prince Ribbit hits you!
You die...

....#.# #.########..# #####.# #.
#######.# ..# #.# #. #.....#.##
#.# #.# .. #.....#.<####
#.###.##########.# #.....##.....
#................# #............
#.........######## #.....#.....#
#.###.....# ########..^........#
#.#.......####..@F.l>....<......#
..#.......)....######.....#.....#
################ #######.....#
#######


You could see Prince Ribbit and an iguana.

Vanquished Creatures
  Menkaure (D:4)
  Edmund (D:6)
  A sky beast (D:5)
  A centaur (D:4)
  An ogre (D:5)
  A water moccasin zombie (D:5)
  A bullfrog zombie (D:6)
  2 iguanas
  An orc wizard (D:5)
  A hound skeleton (D:4)
  Robin (D:4)
  6 adders
  An ufetubus (D:5)
  An adder zombie (Ossuary)
  A dart slug (D:2)
  10 orcs
  3 endoplasms (D:1)
  5 giant cockroaches
  12 goblins
  9 hobgoblins
  7 jackals
  8 kobolds
  3 quokkas
  4 ball pythons
  7 frilled lizards
  7 hobgoblin zombies (Ossuary)
  A jackal zombie (Ossuary)
  11 kobold zombies (Ossuary)
  7 orc zombies (Ossuary)
  9 rats
  A rat zombie (Ossuary)
125 creatures vanquished.

Vanquished Creatures (others)
  A plant (D:2)
1 creature vanquished.

Grand Total: 126 creatures vanquished

Notes
Turn   | Place    | Note
-------+----------+-------------------------------------------
     0 | D:1      | lunkers the Vampire Necromancer began the quest for the
                  | Orb.
     0 | D:1      | Reached XP level 1. HP: 13/13 MP: 3/3
   334 | D:1      | Reached XP level 2. HP: 17/19 MP: 0/5
   511 | D:1      | Reached skill level 5 in Necromancy
  1444 | D:1      | Gained mutation: You are afflicted with vampirism and can
                  | become a bat while bloodless. [Vampire growth]
  1444 | D:1      | Reached XP level 3. HP: 23/24 MP: 3/6
  1623 | D:2      | Found a faded altar of an unknown god.
  1829 | D:2      | Learned a level 3 spell: Vampiric Draining
  2092 | D:3      | Reached XP level 4. HP: 28/30 MP: 4/8
  2331 | D:3      | Found a runed translucent door.
  2494 | D:3      | Found a runed translucent door.
  2495 | D:3      | Noticed Crazy Yiuf
  2529 | D:3      | Found Kuix's Book Shop.
  2587 | D:3      | Noticed karrick's ghost (amateur GrFi)
  2637 | D:4      | Found Xamasopo's Overcharged Wands.
  2657 | D:4      | Reached skill level 6 in Necromancy
  2657 | D:4      | Noticed Robin
  2665 | D:4      | Killed Robin
  2865 | D:4      | Noticed a centaur
  2873 | D:4      | Killed a centaur
  2874 | D:4      | Reached XP level 5. HP: 32/35 MP: 5/10
  2948 | D:4      | Found a sand-covered staircase.
  2957 | Ossuary  | Entered an ossuary
  3340 | Ossuary  | Reached skill level 7 in Necromancy
  4024 | D:4      | Noticed Menkaure
  4132 | D:4      | Killed Menkaure
  4133 | D:4      | Reached XP level 6. HP: 23/41 MP: 11/11
  4388 | D:5      | Entered Level 5 of the Dungeon
  4538 | D:5      | Noticed a sky beast
  4552 | D:5      | Killed a sky beast
  4553 | D:5      | Reached skill level 8 in Necromancy
  4553 | D:5      | Reached XP level 7. HP: 42/46 MP: 13/13
  5014 | D:5      | Found Koczim's General Store.
  5556 | D:6      | Noticed Prince Ribbit
  5576 | D:6      | Noticed Edmund
  5613 | D:6      | Killed Edmund
  5614 | D:6      | Reached skill level 5 in Spellcasting
  5614 | D:6      | Reached skill level 9 in Necromancy
  5670 | D:5      | HP: 1/46 [Prince Ribbit (16)]
  5672 | D:5      | Mangled by Prince Ribbit

Illustrated notes

Levels and vault maps discovered:
D:1:      dpeg_arrival_refuge, layout_basic, serial_co_window_serial,
          co_window_corner_a, co_window_paths_a, co_window_of_opportunity_a,
          co_window_of_opportunity_a, co_window_of_opportunity_a,
          co_window_cross_1, co_window_cross_2, co_window_corner_b,
          co_window_paths_c, co_window_4corner_a, co_window_sun, glass_columns_a
D:2:      layout_basic, dreamdust_ecumenical_altar_grove
D:3:      layout_rooms, ebering_ghost_reflecting_pool, serial_shops, shop,
          uniq_crazy_yiuf_cottage
D:4:      layout_cave_pods, lightli_ossuary_entry_decrepit_ruins,
          minmay_misc_feat_tiny, nicolae_shop_overcharged_wands, uniq_menkaure,
          uniq_robin
D:5:      layout_rooms, serial_shops, nicolae_shop_waterfront, bh_walls_and_bars
D:6:      layout_layer_cave, minmay_temple_entry_enclosed_plants,
          uniq_prince_ribbit1, uniq_edmund

Skill      XL: |  1  2  3  4  5  6  7 |
---------------+----------------------+-----
Necromancy     | 5 6 7 8 9 |  9.0
Spellcasting   | 3 4 5 |  5.0
Dodging        | |  2.1
Stealth        | |  3.0

Action                   |  1- 3 |  4- 6 |  7- 9 || total
-------------------------+-------+-------+-------++-------
Melee: Bite              |     1 |    28 |    13 ||    42
       Unarmed           |     1 |       |       ||     1
       Dagger            |       |   208 |    55 ||   263
       Punch             |       |     6 |     1 ||     7
 Cast: Pain              |    71 |    47 |    32 ||   150
       Vampiric Draining |       |     1 |    13 ||    14
  Use: Scroll            |     2 |    13 |     3 ||    18
       Potion            |       |     1 |     1 ||     2
 Stab: Sleeping          |       |     3 |       ||     3
Armor: Robe              |     1 |    32 |    15 ||    48
Dodge: Dodged            |     9 |   126 |    35 ||   170

Table legend: (Time is in decaauts)
 A = Elapsed time spent in this place.
 B = Non-inter-level travel time spent in this place.
 C = Inter-level travel time spent in this place.
 D = Time resting spent in this place.
 E = Time spent auto-exploring this place.
 F = Levels seen in this place.
 G = Mean time per level.
                   A        B        C        D        E       F      G
               +--------+--------+--------+--------+--------+-----+--------+
         Total |   5674 |   5578 |     96 |    307 |   3746 |   7 |  810.6 |
       Dungeon |   5077 |   4981 |     96 |    221 |   3687 |   6 |  846.2 |
       Ossuary |    596 |    596 |      0 |     86 |     59 |   1 |  596.0 |
               +--------+--------+--------+--------+--------+-----+--------+

Top non-repeatable levels by time:
     D:1: 1562 daAuts
     D:4: 1151 daAuts
     D:5: 960 daAuts
 Ossuary: 596 daAuts
     D:3: 554 daAuts
     D:2: 523 daAuts
     D:6: 325 daAuts
